 Dungeon Crawl Stone Soup version 0.30.1-11-g7821555f0a (webtiles) character file.

Game seed: 8151955403107619865

53397 cermafil the Nimble (level 15, -8/114 (120) HPs)
             Began as a Djinni Fire Elementalist on Nov 3, 2023.
             Was a High Priest of Ashenzari.
             Mangled by a dire elephant (29 damage)
             ... on level 5 of the Lair of Beasts.
             The game lasted 01:45:42 (18253 turns).

cermafil the Nimble (Djinni Fire Elementalist)     Turns: 18253, Time: 01:45:42

HP:   -8/114 (120)  AC: 22    Str:  7    XL:     15   Next: 9%
Gold: 1694          EV: 17    Int: 24    God:    Ashenzari [*****.] SH:  0 Dex: 14

rFire   + + +        e - +0 dagger of Ashenzari's Mistrust {Range, Melee} (curse)
rCold   x . .        (no shield)
rNeg    . . .        z - +2 swamp dragon scales
rPois   ∞            I - +0 helmet of Ashenzari's Visionary {Evo, Cun} (curse)
rElec   .            d - +1 cloak "Shackled With Me" {Fort, Melee} (curse)
rCorr   .            j - +0 pair of gloves "Boredom of Ashenzari" {Evo, Cun} (curse)
SInv    +            (boots unavailable)
Will    +....        i - amulet "Tethered With Me" {Regen+, Self, Cun} (curse)
Stlth   +++++        o - ring of the Restrained Vision {AC+4, Fort, Range} (curse)
HPRegen 1.19/turn    B - ring of Ashenzari's Seer {rF+, Range, Evo} (curse)
MPRegen 0.00/turn

%: clarity, infuse magic (-9 HP)
@: flying, drained
A: sickness immunity, fire resistance 2, cold vulnerability 1, float, innate
caster, HP casting, extra vitality 1
a: Renounce Religion, Curse Item, Shatter the Chains


You were on level 5 of the Lair of Beasts.
You worshipped Ashenzari.
Ashenzari was extremely pleased with you.
You visited 3 branches of the dungeon, and saw 17 of its levels.
You also visited: Bailey.

You collected 1694 gold pieces.

Inventory:

Hand Weapons
 e - the cursed +0 dagger of Ashenzari's Mistrust (weapon) {Range, Melee}
   (You took it off a kobold on level 1 of the Dungeon)

   It has a curse which improves the following skills: Ranged Combat: Ranged
   Weapons and Throwing.
   Melee Combat: Short Blades, Long Blades, Axes, Maces & Flails, Polearms,
   Staves and Unarmed Combat.
 h - a +2 whip of distortion
 A - a +0 dagger
Missiles
 F - 4 throwing nets
Armour
 a - a +0 robe
 d - the cursed +1 cloak "Shackled With Me" (worn) {Fort, Melee}
   (You found it on level 1 of the Dungeon)

   It has a curse which improves the following skills: Fortitude: Armour and
   Shields.
   Melee Combat: Short Blades, Long Blades, Axes, Maces & Flails, Polearms,
   Staves and Unarmed Combat.
 j - the cursed +0 pair of gloves "Boredom of Ashenzari" (worn) {Evo, Cun}
   (You found it on level 1 of the Dungeon)

   It has a curse which improves the following skills: Evocations: Evocations.
   Cunning:   Dodging and Stealth.
 y - a +3 ring mail of willpower
 z - +2 swamp dragon scales (worn)
 I - the cursed +0 helmet of Ashenzari's Visionary (worn) {Evo, Cun}
   (You found it on level 8 of the Dungeon)

   It has a curse which improves the following skills: Evocations: Evocations.
   Cunning:   Dodging and Stealth.
 P - a +0 pair of gloves of stealth
Jewellery
 c - an amulet of guardian spirit
 i - the cursed amulet "Tethered With Me" (around neck) {Regen+, Self, Cun}
   (You found it on level 1 of the Dungeon)

   [amulet of regeneration]

   Regen:     It increases your rate of health regeneration.
   It has a curse which improves the following skills: Introspection: Fighting
   and Spellcasting.
   Cunning:   Dodging and Stealth.
 o - the cursed ring of the Restrained Vision (left hand) {AC+4, Fort, Range}
   (You found it on level 3 of the Dungeon)

   [ring of protection]

   AC:        It affects your AC (+4).
   It has a curse which improves the following skills: Fortitude: Armour and
   Shields.
   Ranged Combat: Ranged Weapons and Throwing.
 r - a ring of fire
 B - the cursed ring of Ashenzari's Seer (right hand) {rF+, Range, Evo}
   (You found it on level 8 of the Dungeon)

   [ring of protection from fire]

   rF:        It protects you from fire.
   It has a curse which improves the following skills: Ranged Combat: Ranged
   Weapons and Throwing.
   Evocations: Evocations.
 H - a +5 ring of evasion
 Q - a ring of poison resistance
Wands
 f - a wand of polymorph (8)
 p - a wand of light (7)
 v - a wand of roots (3)
 x - a wand of flame (30)
 M - a wand of digging (4)
 R - a wand of charming (8)
 T - a wand of mindburst (7)
Scrolls
 k - 4 scrolls of teleportation
 m - 17 scrolls of identify
 s - 2 scrolls of poison
 t - a scroll of enchant armour
 u - a scroll of magic mapping
 w - 5 scrolls of blinking
 E - 5 scrolls of fear
 G - a scroll of brand weapon
 K - 2 scrolls of fog
 L - a scroll of enchant weapon
 S - a scroll of silence
Potions
 l - 2 potions of cancellation
 n - 2 potions of brilliance
 q - 7 potions of might
 C - 2 potions of invisibility
 D - a potion of haste
 N - a potion of ambrosia
 O - a potion of berserk rage
Miscellaneous
 J - a lightning rod (3/4)


   Skills:
 * Level 13.1(15.2) Fighting
 + Level 8.9(12.1) Armour
 * Level 14.1(18.2) Dodging
 + Level 8.8(13.0) Stealth
 + Level 3.9(6.8) Shields
 + Level 8.1(10.3) Spellcasting
 + Level 5.9(10.0) Evocations


You knew the following spells:

 Your Spells              Type           Power      Damage    Failure   Level
a - Foxfire               Conj/Fire      100%       2x1d9     1%          1
b - Scorch                Fire           100%       2d9       1%          2
c - Volatile Blastmotes   Fire/Tloc      100%       2d18      1%          3
d - Inner Flame           Hex/Fire       58%        N/A       1%          3
e - Flame Wave            Conj/Fire      58%        2d14      1%          4
f - Slow                  Hex            100%       N/A       1%          1
g - Wereblood             Tmut           58%        N/A       1%          2
h - Static Discharge      Conj/Air       100%       2-7/arc   1%          2
i - Spider Form           Tmut/Pois      58%        N/A       1%          3
j - Fulminant Prism       Conj/Hex       29%        3d14      1%          4
k - Blade Hands           Tmut           29%        N/A       4%          5
l - Death Channel         Necr           29%        N/A       28%         6
Your spell library was empty.

Dungeon Overview and Level Annotations

Branches:
Dungeon (11/15)            Temple (1/1) D:4            Lair (5/5) D:9
 Shoals (0/4) Lair:3        Snake (0/4) Lair:2        Slime (0/5) Lair:4
    Orc (0/2) D:11         Bailey (visited)

Altars:
Ashenzari
Cheibriados
Dithmenos
Elyvilon
Fedhas
Gozag
Hepliaklqana
Makhleb
Nemelex Xobeh
Okawaru
Qazlal
Ru
Trog
Uskayaw
Wu Jian
Xom
Yredelemnul
Zin
The Shining One

Shops:
D:11 =

Portals:
Trove: D:10 (show abyssal rune of Zot)

Annotations:
D:2 1 runed translucent door, Crazy Yiuf
D:4 3 runed translucent doors, Dado's ghost, weakling DEBr
D:7 3 runed translucent doors, ScotchWhisky's ghost, novice GnFi
D:10 2 transporters, Kelnin's ghost, novice MiFi
Lair:3 1 runed translucent door, Huasawuy's ghost, journeyman TrHW
Lair:5 exclusion: obsidian statue


Innate Abilities, Weirdness & Mutations

You are immune to sickness and miasma.
You are immune to poison.
Your flesh is very heat resistant. (rF++)
You are vulnerable to cold. (rC-)
You float through the air rather than walking.
You learn spells naturally, not from books.
Your magical power is your life essence.
You have superior vitality. (+4 MHP)


Message History

Flame seeps out of the dire elephant.
The dire elephant tramples you but does no damage.
The dire elephant trunk-slaps you.
The necromancer is engulfed in blazing flames.
Flame seeps out of the necromancer.
A wave of flame ripples out!
The flame wave engulfs the dire elephant!!
Flame seeps out of the dire elephant.
The dire elephant is heavily wounded.
The flame wave engulfs the necromancer!
The flame wave engulfs the dire elephant.
The dire elephant is lightly wounded.
You finish channelling waves of flame.
The necromancer explodes!
The fiery explosion engulfs the dire elephant!
The dire elephant is moderately wounded.
The fiery explosion engulfs the dire elephant!
Flame seeps out of the dire elephant.
The dire elephant is heavily wounded.
The dire elephant is engulfed in blazing flames.
Flame seeps out of the dire elephant.
The dire elephant tramples you but does no damage.
The dire elephant closely misses you.
The dire elephant is engulfed in blazing flames.
The dire elephant is engulfed in blazing flames.
Casting: Flame Wave (mildly dangerous; 1% risk of failure)
Confirm with . or Enter, or press ? or * to list all spells.
Casting: Flame Wave (mildly dangerous; 1% risk of failure)
Press: ? - help, Dir - look around, f - activate A wave of flame ripples out!
The flame wave engulfs the dire elephant!
Flame seeps out of the dire elephant.
The dire elephant is severely wounded. (Press . to intensify the flame waves.)
The dire elephant is engulfed in blazing flames.
Flame seeps out of the dire elephant.
The dire elephant tramples you!!
* * * LOW HITPOINT WARNING * * *
You are shoved backwards!
The dire elephant tramples you!!
You die...

###.....##...# ##...#
#.....♣#...#####....#
#.....♣#...)..8##...#
##.....######..'....#
#.....♣# #....'...##
##......♣ #.#####..#
#.......♣##.#..'...#
#.......##..#..'..##
#.......##.##@.#.##
#......###.#.Y.###
#.....♣#...#8○8#
#.....##.####Y##
#.....#..#~§)§##
#.....#.##~§§..#
#.....#.#~~≈≈~~#
#####....#.#.~§≈≈~#
#..#.....#.##.≈≈~##


You could see 2 dire elephants.

Vanquished Creatures
  Nessos (Lair:5)
  2 dire elephants (Lair:5)
  2 hydras
  2 catoblepae
  Harold (D:9)
  A death knight (D:11)
  2 centaur warriors (D:11)
  3 boulder beetles (D:11)
  7 death yaks (Lair:5)
  3 spectral death yaks (Lair:5)
  2 skysharks
  A spectral anaconda (Lair:5)
  A lindwurm (Lair:5)
  4 necromancers
  An ugly thing (D:11)
  A deep elf pyromancer (D:11)
  3 manticores (D:11)
  2 cyclopes (D:11)
  A salamander (Lair:2)
  A dire elephant zombie (Lair:5)
  8 elephants (Lair:5)
  A merfolk siren (Lair:3)
  A black mamba (Lair:5)
  9 cane toads
  A rime drake (Lair:5)
  A kobold demonologist (D:9)
  10 komodo dragons
  3 trolls
  3 merfolk (Lair:3)
  4 polar bears (Lair:1)
  Prince Ribbit (D:7)
  10 blink frogs
  5 dream sheep (Lair:4)
  A slime creature (D:11)
  A snapping turtle (shapeshifter) (D:9)
  A vampire (D:9)
  5 wyverns
  36 yaks
  3 basilisks
  A steam dragon (Lair:1)
  5 vampire mosquitoes
  Menkaure (D:7)
  4 spectral cane toads (Lair:5)
  17 water moccasins
  14 orc warriors
  A meliai simulacrum (D:11)
  5 black bears
  An elephant zombie (Lair:5)
  6 ice beasts
  3 sky beasts (D:7)
  15 wolves
  3 ogres
  A centaur (D:8)
  An elephant skeleton (Lair:5)
  5 kobold brigands
  13 bullfrogs
  2 cane toad simulacra (Lair:5)
  10 scorpions
  7 wights
  3 elephant simulacra (Lair:5)
  5 howler monkeys
  2 electric eels
  3 lava snakes (Lair:2)
  4 orc priests
  6 jellies
  9 hounds
  2 iguanas (D:6)
  8 orc wizards
  7 yak simulacra (D:10)
  2 wolf simulacra (D:10)
  A polar bear simulacrum (D:10)
  3 gnolls (D:3)
  9 adders
  13 white imps
  A worm (D:3)
  A dart slug (D:1)
  32 orcs
  8 ball pythons
  5 bats
  6 endoplasms
  10 goblins
  8 hobgoblins
  2 quokkas (D:4)
  42 kobolds
  3 rats
  A river rat simulacrum (D:10)
  A butterfly (D:4)
  A foxfire (Lair:5)
  3 fulminant prisms
461 creatures vanquished.

Vanquished Creatures (collateral kills)
  16 foxfires
16 creatures vanquished.

Vanquished Creatures (others)
  979 foxfires
  76 fulminant prisms
1055 creatures vanquished.

Grand Total: 1532 creatures vanquished

Notes
Turn   | Place    | Note
-------+----------+-------------------------------------------
     0 | D:1      | cermafil the Djinni Fire Elementalist began the quest for
                  | the Orb.
     0 | D:1      | cermafil set off with the following spells memorised:
                  | Foxfire, Scorch, Volatile Blastmotes, Inner Flame, Flame
                  | Wave.
     0 | D:1      | Reached XP level 1. HP: 15/15 MP: 0/0
   151 | D:1      | Reached XP level 2. HP: 19/21 MP: 0/0
   667 | D:2      | Found a runed translucent door.
   668 | D:2      | Noticed Crazy Yiuf
   779 | D:2      | Reached XP level 3. HP: 25/25 MP: 0/0
   779 | D:2      | Learned a level 1 spell: Slow
   927 | D:2      | Reached XP level 4. HP: 31/31 MP: 0/0
  1367 | D:2      | Identified a scroll of acquirement
  1646 | D:3      | Reached skill level 1 in Fighting
  1653 | D:3      | Reached XP level 5. HP: 33/37 MP: 0/0
  1653 | D:3      | Learned a level 2 spell: Wereblood
  2778 | D:4      | Found a staircase to the Ecumenical Temple.
  2807 | Temple   | Entered the Ecumenical Temple
  2930 | Temple   | Became a worshipper of Ashenzari the Shackled
  3007 | D:4      | Found a runed translucent gate.
  3010 | D:4      | Found a runed translucent gate.
  3010 | D:4      | Found a runed translucent gate.
  3011 | D:4      | Noticed Dado's ghost (weakling DEBr)
  3477 | D:5      | Entered Level 5 of the Dungeon
  3558 | D:5      | Reached skill level 3 in Dodging
  3558 | D:5      | Reached XP level 6. HP: 21/43 MP: 0/0
  3594 | D:5      | Noticed a black bear
  3599 | D:5      | Killed a black bear
  3720 | D:5      | Noticed a troll
  3729 | D:5      | Killed a troll
  3730 | D:5      | Reached XP level 7. HP: 50/51 MP: 0/0
  3730 | D:5      | Learned a level 2 spell: Static Discharge
  3934 | D:5      | Reached skill level 4 in Dodging
  4008 | D:5      | Reached skill level 1 in Armour
  4008 | D:5      | Reached XP level 8. HP: 48/58 MP: 0/0
  4012 | D:5      | Reached skill level 1 in Evocations
  4256 | D:5      | Reached * piety under Ashenzari
  4357 | D:5      | Reached skill level 5 in Dodging
  4452 | D:5      | Acquired 497 gold pieces
  4583 | D:6      | Reached skill level 5 in Fighting
  4702 | D:6      | Found a hide-covered altar of Uskayaw.
  4707 | D:6      | Reached XP level 9. HP: 56/65 MP: 0/0
  4707 | D:6      | Learned a level 3 spell: Spider Form
  4830 | D:6      | Reached skill level 6 in Dodging
  4836 | D:6      | Reached ** piety under Ashenzari
  5916 | D:7      | Noticed Prince Ribbit
  5929 | D:7      | Killed Prince Ribbit
  5973 | D:7      | Noticed Menkaure
  5980 | D:7      | Killed Menkaure
  5981 | D:7      | Reached skill level 5 in Spellcasting
  6074 | D:7      | Reached skill level 7 in Dodging
  6107 | D:7      | Reached XP level 10. HP: 72/73 MP: 0/0
  6202 | D:7      | Reached *** piety under Ashenzari
  6592 | D:7      | Found a runed translucent gate.
  6615 | D:7      | Found a runed translucent gate.
  6615 | D:7      | Found a runed translucent gate.
  6635 | D:7      | Found an opulent altar of Gozag.
  6637 | D:7      | Noticed a brown ugly thing
  6638 | D:7      | Noticed ScotchWhisky's ghost (novice GnFi)
  6991 | D:8      | Reached skill level 5 in Stealth
  7227 | D:8      | Reached skill level 8 in Dodging
  7647 | D:8      | Reached **** piety under Ashenzari
  7700 | D:9      | Noticed a kobold demonologist
  7729 | D:9      | Killed a kobold demonologist
  8047 | D:9      | Found a staircase to the Lair.
  8061 | D:9      | Noticed Harold
  8071 | D:9      | Reached XP level 11. HP: 73/81 MP: 0/0
  8071 | D:9      | Learned a level 4 spell: Fulminant Prism
  8071 | D:9      | Killed Harold
  8072 | D:9      | Reached skill level 9 in Dodging
  8076 | D:9      | Noticed a moth of wrath
  8080 | D:9      | a moth of wrath changed into a snapping turtle
  8100 | D:9      | Reached skill level 5 in Armour
  8212 | D:9      | Found a flagged portal.
  8233 | Bailey   | Entered a bailey
  8449 | Bailey   | Identified the +4 chain mail "Nujoodir" {rElec MP-9 Dex+3}
  8923 | D:10     | Entered Level 10 of the Dungeon
  8974 | D:10     | Found a transporter.
  9089 | D:10     | Noticed a deep troll
  9089 | D:10     | Noticed Kelnin's ghost (novice MiFi)
  9097 | D:10     | Found a transporter.
  9098 | D:10     | Noticed a moth of wrath
  9112 | D:10     | Found a bloodstained altar of Trog.
  9118 | D:10     | Noticed a two-headed ogre
  9135 | D:10     | Noticed a two-headed ogre
  9442 | D:10     | Reached ***** piety under Ashenzari
  9472 | D:10     | Reached skill level 10 in Dodging
  9814 | D:10     | Noticed a necromancer
  9818 | D:10     | Killed a necromancer
  9940 | D:10     | Found a portal to a secret trove of treasure.
 10081 | D:10     | Reached XP level 12. HP: 84/94 MP: 0/0
 10485 | D:11     | Found Wuforem's Jewellery Emporium.
 10505 | D:11     | Noticed a boulder beetle
 10527 | D:11     | Killed a boulder beetle
 10775 | D:11     | Reached skill level 10 in Fighting
 10859 | D:11     | Found a staircase to the Orcish Mines.
 11004 | D:11     | Noticed a boulder beetle
 11022 | D:11     | Noticed a centaur warrior
 11035 | D:11     | Killed a centaur warrior
 11036 | D:11     | Reached skill level 11 in Dodging
 11037 | D:11     | Killed a boulder beetle
 11152 | D:11     | Noticed a centaur warrior
 11160 | D:11     | Killed a centaur warrior
 11183 | D:11     | Noticed a death knight
 11193 | D:11     | Killed a death knight
 11196 | D:11     | Noticed a boulder beetle
 11223 | D:11     | Killed a boulder beetle
 11287 | D:11     | Reached XP level 13. HP: 85/103 MP: 0/0
 11287 | D:11     | Learned a level 5 spell: Blade Hands
 11645 | Lair:1   | Entered Level 1 of the Lair of Beasts
 11974 | Lair:1   | Reached skill level 12 in Dodging
 12171 | Lair:1   | Noticed a catoblepas
 12201 | Lair:1   | Identified the cursed +0 dagger of Ashenzari's Mistrust
                  | {Range, Melee} (You took it off a kobold on level 1 of the
                  | Dungeon)
 12201 | Lair:1   | Identified the cursed +0 pair of gloves "Boredom of
                  | Ashenzari" {Evo, Cun} (You found it on level 1 of the
                  | Dungeon)
 12294 | Lair:1   | Killed a catoblepas
 12452 | Lair:1   | Identified the staff of cold "Inuorch" {Fly rPois rF- rC+
                  | rN+}
 12571 | Lair:1   | Noticed a five-headed hydra
 12579 | Lair:1   | Killed a five-headed hydra
 12981 | Lair:2   | Found a staircase to the Snake Pit.
 13883 | Lair:3   | Found a runed translucent door.
 13883 | Lair:3   | Noticed Huasawuy's ghost (journeyman TrHW)
 14056 | Lair:3   | Found a staircase to the Shoals.
 14102 | Lair:3   | Found a dark tunnel.
 14259 | Lair:3   | Reached skill level 1 in Shields
 14305 | Lair:3   | Found a frozen archway.
 15102 | Lair:4   | Reached skill level 13 in Dodging
 15273 | Lair:4   | Reached XP level 14. HP: 106/112 MP: 0/0
 15662 | Lair:4   | Found a staircase to the Slime Pits.
 16213 | Lair:5   | Entered Level 5 of the Lair of Beasts
 16378 | Lair:5   | Reached skill level 5 in Evocations
 16920 | Lair:5   | Noticed a dire elephant
 16933 | Lair:5   | Killed a dire elephant
 17036 | Lair:5   | Noticed a dire elephant
 17047 | Lair:5   | Killed a dire elephant
 17237 | Lair:5   | Noticed Nessos
 17257 | Lair:5   | Killed Nessos
 17362 | Lair:5   | Noticed a dire elephant
 17364 | Lair:5   | Noticed a dire elephant
 17510 | Lair:5   | Reached skill level 14 in Dodging
 17848 | Lair:5   | Reached XP level 15. HP: 115/120 MP: 0/0
 17848 | Lair:5   | Learned a level 6 spell: Death Channel
 18253 | Lair:5   | Mangled by a dire elephant

Illustrated notes

Levels and vault maps discovered:
D:1:      roderic_dead_forest, layout_basic, dk_noncrumbling_3
D:2:      layout_loops_ring, uniq_crazy_yiuf_cottage
D:3:      layout_basic
D:4:      kennysheep_big_flooded_room, layout_loops_ring,
          minmay_temple_entry_butterflies, gammafunk_ghost_split
D:5:      layout_loops_corners, nicolae_ossuary_entry_ruins,
          minmay_misc_feat_tower, kennysheep_generic_room_5
D:6:      layout_layer_cave, nicolae_overflow_crystal_walls,
          nicolae_uskayaw_dance_studio, kennysheep_another_room
D:7:      minmay_s_stair_smasher, layout_loops_ring, ebering_ghost_gozag,
          uniq_menkaure, uniq_prince_ribbit1
D:8:      layout_loops_ring, minmay_splitting_lines, kennysheep_cluttered_room
D:9:      layout_basic, due_lair_maze_entry_diamond, enter_bailey_5, uniq_harold
D:10:     layout_basic, gammafunk_ghost_wrathful_warriors, enter_trove_3,
          minivault_24, eino_house_with_fridge
D:11:     layout_stronghold, david_orc_2, minmay_shop_enchanted_jewellery,
          minivault_28
Temple:   nicolae_temple_slightly_damp_pantheon
Lair:1:   beast_lair_carwin_large_2, layout_regular_city, grunt_megastairs_3,
          lemuel_fruit_fields
Lair:2:   hellmonk_ruined_rings, layout_loops_ring,
          nicolae_snake_entry_warm_welcome
Lair:3:   layout_gridlike, elwin_shoals_entry_stream, gammafunk_ghost_grave,
          nicolae_volcano_entry_hallway, portal_ice_cave_entry_imps,
          chequers_serial_rivers_large_b, wad_woods_road_01,
          pdpol_lair_neglected_garden
Lair:4:   layout_cave_pods, nicolae_slime_entry_field_trip, lemuel_fruit_tree
Lair:5:   due_jungle_book, layout_hall_layers, nicolae_quartered_pool_super,
          uniq_nessos

Skill      XL: |  1  2  3  4  5  6  7  8  9 10 11 12 13 14 |
---------------+-------------------------------------------+-----
Spellcasting   | 3 4 5 6 7 8 |  8.1
Fighting       | 1 2 3 4 5 6 8 9 10 12 13 | 13.1
Stealth        | 2 3 4 5 6 7 8 |  8.8
Dodging        | 3 4 5 7 8 10 11 13 14 | 14.1
Armour         | 1 2 3 4 5 7 8 |  8.9
Evocations     | 2 3 4 5 |  5.9
Shields        | 1 3 |  3.9

Action                     |  1- 3 |  4- 6 |  7- 9 | 10-12 | 13-15 || total
---------------------------+-------+-------+-------+-------+-------++-------
  Melee: Dagger            |     7 |       |       |     2 |    45 ||    54
         Unarmed           |       |       |       |       |     3 ||     3
         Punch             |       |       |       |       |     1 ||     1
   Cast: Foxfire           |    57 |    90 |    94 |   248 |   161 ||   650
         Scorch            |     2 |    10 |    17 |    39 |    74 ||   142
         Inner Flame       |       |    12 |    44 |   152 |   189 ||   397
         Slow              |       |       |     1 |     8 |     4 ||    13
         Flame Wave        |       |       |       |    31 |    49 ||    80
         Fulminant Prism   |       |       |       |    25 |    54 ||    79
         Static Discharge  |       |       |       |       |     2 ||     2
         Blade Hands       |       |       |       |       |     1 ||     1
         Death Channel     |       |       |       |       |     1 ||     1
 Invoke: Curse Item        |       |     1 |     2 |     5 |       ||     8
         Shatter the Chain |       |       |       |       |     1 ||     1
  Evoke: Wand              |       |       |       |       |     4 ||     4
         Lightning rod     |       |       |       |       |     1 ||     1
    Use: Scroll            |     4 |     5 |     1 |       |     5 ||    15
         Potion            |     1 |       |       |     4 |    16 ||    21
 Armour: Robe              |     8 |     4 |       |       |       ||    12
         Troll leather arm |       |       |    12 |    30 |    39 ||    81
         Swamp dragon scal |       |       |       |       |   138 ||   138
  Dodge: Dodged            |    22 |     2 |     9 |   107 |   227 ||   367
